AoeStats
← a20th_

Black Forest

507118935Analyzed
4v4 RM · 17d ago on Sep 16, 2026· 39m 4s· 8 players
Game mode
Random Map
Map size
Large (8 player)
Population
200
Speed
Normal
Resources
Standard
Victory
Conquest
Starting age
Dark Age
Ending age
Imperial Age
RankedLock teamsTeams togetherTeam positionsShared explorationLock speedFull tech treeHidden civsTurbo modeCheats
Victory
Defeat
🇹🇷 Turks · Türkiye
865
+15
🇩🇪 Franks · Germany
848
+16
🇹🇷 Cumans · Türkiye
788
+17
🇧🇷 Japanese · Brazil
783
+18
🇭🇺 Turks · Hungary
849
-17
🇹🇷 Goths · Türkiye
848
-17
🇨🇳 Lithuanians · China
826
-16
🇹🇷 Britons · Türkiye
821
-16
H
12:56 Feudal Age
13:42 Double-Bit Axe
16:20 Horse Collar
19:18 Castle Age
17:13 Stone Mining
18:33 Gold Mining
21:44 Heavy Plow
21:57 Bow Saw
22:52 Wheelbarrow
23:00 Gold Shaft Mining
25:05 Hand Cart
27:55 Fletching
28:05 Padded Archer Armor
30:28 Bodkin Arrow
33:54 Imperial Age
32:10 Leather Archer Armor
a20th_
0:34 Loom
13:39 Feudal Age
21:35 Castle Age
19:53 Double-Bit Axe
19:50 Horse Collar
22:41 Bow Saw
23:00 Heavy Plow
24:52 Wheelbarrow
27:58 Hand Cart
29:38 Scale Barding Armor
33:28 Town Watch
xbarter
0:30 Loom
12:39 Feudal Age
14:01 Wheelbarrow
13:13 Double-Bit Axe
13:11 Horse Collar
27:16 Castle Age
25:10 Gold Mining
25:11 Stone Mining
26:54 Forging
26:44 Scale Mail Armor
26:49 Scale Barding Armor
26:45 Padded Archer Armor
26:35 Fletching
26:13 Man-at-Arms
28:33 Hand Cart
28:20 Heavy Plow
28:36 Bow Saw
28:37 Caravan
29:17 Squires
31:34 Pikeman
31:34 Long Swordsman
32:52 Iron Casting
32:34 Leather Archer Armor
33:42 Ballistics
33:17 Murder Holes
33:33 Masonry
Cizz...1
11:44 Feudal Age
16:15 Castle Age
16:25 Horse Collar
16:35 Double-Bit Axe
18:33 Bow Saw
20:31 Bow Saw
23:14 Stone Mining
24:20 Heavy Plow
25:37 Wheelbarrow
27:17 Treadmill Crane
27:52 Masonry
27:50 Scale Barding Armor
27:51 Gold Mining
29:54 Ballistics
30:06 Chain Barding Armor
30:11 Hand Cart
30:47 Pikeman
34:22 Imperial Age
32:53 Hand Cart
33:09 Bloodlines
33:30 Forging
33:25 Light Cavalry
35:02 Husbandry
35:40 Iron Casting
35:42 Plate Barding Armor
35:30 Conscription
34:46 Pikeman
35:28 Squires
35:53 Winged Hussar
36:06 Halberdier
37:37 Scale Mail Armor
KuxoS
0:27 Loom
0:27 Loom
16:32 Feudal Age
17:32 Horse Collar
19:04 Double-Bit Axe
19:14 Gold Mining
21:24 Bloodlines
22:48 Scale Barding Armor
22:53 Scale Mail Armor
25:00 Wheelbarrow
25:52 Forging
28:06 Castle Age
26:28 Stone Mining
26:31 Town Watch
29:26 Chain Mail Armor
30:00 Chain Barding Armor
30:22 Hand Cart
CANULAN
13:22 Feudal Age
13:52 Double-Bit Axe
14:20 Horse Collar
18:33 Castle Age
18:42 Gold Mining
19:32 Bow Saw
24:07 Imperial Age
22:42 Heavy Plow
24:53 Padded Archer Armor
36:16 Leather Archer Armor
35:54 Loom
36:44 Wheelbarrow
35:55 Town Watch
cXb_Foxtrot
0:31 Loom
17:03 Feudal Age
25:42 Castle Age
24:46 Double-Bit Axe
24:44 Horse Collar
26:42 Heavy Plow
26:55 Bow Saw
28:15 Stone Mining
28:19 Gold Mining
31:24 Wheelbarrow
31:41 Squires
31:27 Arson
36:30 Forging
36:21 Scale Mail Armor
36:45 Hand Cart
37:52 Iron Casting
NikNak1876795
0:33 Loom
10:57 Feudal Age
13:56 Double-Bit Axe
18:24 Castle Age
19:40 Bow Saw
20:09 Wheelbarrow
24:19 Town Watch
26:49 Hand Cart
27:03 Gold Mining
27:31 Stone Mining
30:18 Town Patrol
33:50 Imperial Age
32:25 Pikeman
33:06 Squires
32:51 Gambesons
32:27 Man-at-Arms
32:53 Arson
34:29 Husbandry
34:02 Cavalier
34:15 Capped Ram
35:42 Paladin
38:12 Chivalry
38:33 Conscription
39:40 Fortified Wall
39:43 Masonry
39:29 Murder Holes
39:55 Ballistics
Connection lost

Rejoining the realm…

Still unreachable

The connection could not be restored.

Session expired

The server has moved on; the page needs a fresh start.